 Dungeon Crawl Stone Soup version 0.28-a0-938-gbc3f381ebc (webtiles) character file.

Game seed: 9903497426190196371

182 enile the Ducker (level 5, -3/41 HPs)
             Began as a Demonspawn Gladiator on Nov 29, 2021.
             Was a Believer of Makhleb.
             Slain by Edmund (11 damage)
             ... on level 4 of the Dungeon.
             The game lasted 00:09:09 (3067 turns).

enile the Ducker (Demonspawn Gladiator)             Turns: 3067, Time: 00:09:10

Health: -3/41      AC:  7    Str: 15    XL:     5   Next: 34%
Magic:  7/7        EV: 10    Int: 10    God:    Makhleb [**....]
Gold:   206        SH:  0    Dex: 20    Spells: 1/4 levels left

rFire   + . .      SeeInvis .   a - +0 quarterstaff
rCold   + . .      Faith    .   (shield currently unavailable)
rNeg    . . .      Spirit   .   l - +1 scale mail
rPois   +          Reflect  .   (helmet unavailable)
rElec   +          Harm     .   (no cloak)
rCorr   +          Rampage  .   (no gloves)
Will    .....                   (no boots)
Stlth   +.........              (no amulet)
HPRegen 0.13/turn               g - +6 ring of dexterity
MPRegen 0.10/turn               (no ring)

@: resistant
A: horns 3
a: Renounce Religion, Minor Destruction


You were on level 4 of the Dungeon.
You worshipped Makhleb.
Makhleb was pleased with you.
You visited 1 branch of the dungeon, and saw 4 of its levels.

You collected 206 gold pieces.

Inventory:

Hand Weapons
 a - a +0 quarterstaff (weapon)
 n - a +0 dagger of speed
Missiles
 q - a boomerang (quivered)
Armour
 b - a +0 leather armour
 c - a +0 helmet
 l - a +1 scale mail (worn)
Jewellery
 g - a +6 ring of dexterity (left hand)
Scrolls
 e - a scroll of blinking
 h - a scroll of amnesia {unknown}
 m - 2 scrolls of enchant weapon {unknown}
 o - a scroll of magic mapping {unknown}


   Skills:
 - Level 3.0 Fighting
 - Level 3.0 Staves
 - Level 3.0 Throwing
 + Level 1.4 Armour
 - Level 3.0 Dodging
 - Level 1.0 Stealth
 - Level 3.0 Invocations


You had one spell level left.
You knew the following spells:

 Your Spells              Type           Power      Damage    Failure   Level
a - Summon Guardian Gole  Hex/Summ       0%         N/A       99%         3

Your spell library contained the following spells:

 Spells                   Type           Power      Damage    Failure   Level
 Orb of Destruction       Conj           0%         N/A       100%        7
 Spellforged Servitor     Conj/Summ      0%         N/A       100%        7


Dungeon Overview and Level Annotations

Branches:
Dungeon (4/15)
 Temple: D:4-7

Altars:
Makhleb

Annotations:
D:4 Edmund


Innate Abilities, Weirdness & Mutations

You have a pair of large horns on your head.


Message History

Press: ? - help, Shift-Dir - straight line, f/p - Edmund
Aim: Edmund, wielding a +2 vorpal flail and wearing a +2 scale mail of poison resistance (heavily wounded, covered in acid)
The stone arrow misses Edmund.
The stone arrow hits the endoplasm!
You kill the endoplasm!
Makhleb accepts your kill. Edmund closely misses you.
It was a potion of magic.
Magic courses through your body. Edmund hits you with a +2 vorpal flail!
Casting: Summon Guardian Golem (potentially lethal; 99% risk of failure)
Confirm with . or Enter, or press ? or * to list all spells.
Okay, then.
It was a potion of resistance.
You feel protected. Edmund closely misses you.
Press: ? - help, Shift-Dir - straight line, f/p - Edmund
Aim: Edmund, wielding a +2 vorpal flail and wearing a +2 scale mail of poison resistance (heavily wounded, covered in acid)
The puff of flame hits Edmund.
Edmund is heavily wounded.
Edmund hits you with a +2 vorpal flail.
* * * LOW HITPOINT WARNING * * *
x2
Okay, then.
Press: ? - help, Shift-Dir - straight line, f/p - Edmund
Aim: Edmund, wielding a +2 vorpal flail and wearing a +2 scale mail of poison resistance (heavily wounded, covered in acid)
The glob of acid misses Edmund.
Edmund hits you with a +2 vorpal flail.
* * * LOW HITPOINT WARNING * * *
x2 Unknown command.
It was a potion of curing.
You feel better. Edmund hits you with a +2 vorpal flail!
* * * LOW HITPOINT WARNING * * *
x2 Edmund says, "People think my brother is the best.
I think he's crazy."
Edmund is no longer covered in acid.
As you read the scroll labelled YCIFISMOCH, it crumbles to dust.
It is a scroll of identify.
e - a scroll of blinking Edmund barely misses you.
As you read the scroll labelled XENUGR DAYPSERPH, it crumbles to dust.
It is a scroll of enchant armour.
Your +0 scale mail glows green for a moment.
Edmund hits you with a +2 vorpal flail!
You die...

...#.#................#....#....#
#.......###..........#.....)....
####.....# #..†.......#..........
.......### #.......>..#.##.......
..##...#####..........#.##.#...##
..###................##.##.#...#
..##.........#.####..##.##.#...#
.............#.####.###.##.#.#...
................@@...............
..........##.#.#....###.##.#.#...
....#.##+#####.#.#### #... ..
......... ..#.# ####...#
########. ##.. .... ....... ..
... ### ####### . #.. # #..# #
######.


You could see Edmund.

Vanquished Creatures
  Jessica (D:2)
  An iguana (D:4)
  3 gnolls (D:3)
  2 adders
  2 worms (D:2)
  A dart slug (D:2)
  3 orcs
  6 bats
  5 endoplasms
  2 giant cockroaches (D:1)
  10 goblins
  5 hobgoblins
  6 jackals
  6 kobolds
  5 quokkas
  5 ball pythons
  3 frilled lizards
  6 rats
72 creatures vanquished.

Notes
Turn   | Place    | Note
-------+----------+-------------------------------------------
     0 | D:1      | enile the Demonspawn Gladiator began the quest for the Orb.
     0 | D:1      | Reached XP level 1. HP: 16/16 MP: 1/1
   340 | D:1      | Gained mutation: You have a pair of small horns on your
                  | head. [demonic ancestry]
   340 | D:1      | Reached XP level 2. HP: 22/22 MP: 2/2
   619 | D:1      | Found a faded altar of an unknown god.
   625 | D:1      | Reached skill level 1 in Armour
   633 | D:1      | Prayed at the altar of an unknown god.
   633 | D:1      | Became a worshipper of Makhleb the Destroyer
   633 | D:1      | Reached * piety under Makhleb
   803 | D:1      | Reached skill level 1 in Stealth
  1215 | D:1      | Gained mutation: You have a pair of horns on your head.
                  | [demonic ancestry]
  1215 | D:1      | Reached XP level 3. HP: 27/27 MP: 3/3
  1415 | D:2      | Noticed Jessica
  1425 | D:2      | Killed Jessica
  1426 | D:2      | Reached XP level 4. HP: 35/35 MP: 3/5
  1639 | D:2      | Reached ** piety under Makhleb
  2137 | D:3      | Learned a level 3 spell: Summon Guardian Golem
  2384 | D:3      | Gained mutation: You have a pair of large horns on your
                  | head. [demonic ancestry]
  2384 | D:3      | Reached XP level 5. HP: 39/41 MP: 7/7
  3015 | D:4      | Noticed Edmund
  3067 | D:4      | Slain by Edmund

Illustrated notes

Levels and vault maps discovered:
D:1:      wander_arrival_desolate, layout_basic, basic_ecumenical_altar
D:2:      layout_basic, uniq_jessica
D:3:      cheibrodos_greedy_goblins, layout_rooms
D:4:      layout_basic, ebering_ghost_reflecting_pool, minmay_misc_feat_five,
          uniq_edmund

Skill      XL: |  1  2  3  4  5 |
---------------+----------------+-----
Dodging        | 3 |  3.0
Staves         | 3 |  3.0
Armour         | 1 |  1.4
Stealth        | 1 |  1.0
Fighting       | 3 |  3.0
Invocations    | 2 3 |  3.0
Throwing       | 2 3 |  3.0

Action                   |  1- 3 |  4- 6 || total
-------------------------+-------+-------++-------
Melee: Quarterstaff      |    93 |    98 ||   191
       Headbutt          |     4 |    16 ||    20
Throw: Throwing net      |     6 |     3 ||     9
       Boomerang         |       |     4 ||     4
Invok: Minor Destruction |       |     5 ||     5
  Use: Potion            |       |     3 ||     3
       Scroll            |       |     2 ||     2
 Stab: Sleeping          |     2 |     2 ||     4
       Held in net/web   |     1 |     1 ||     2
Armor: Leather armour    |    33 |     7 ||    40
       Scale mail        |       |    22 ||    22
Dodge: Dodged            |    59 |    57 ||   116

Table legend: (Time is in decaauts)
 A = Elapsed time spent in this place.
 B = Non-inter-level travel time spent in this place.
 C = Inter-level travel time spent in this place.
 D = Time resting spent in this place.
 E = Time spent auto-exploring this place.
 F = Levels seen in this place.
 G = Mean time per level.
                   A        B        C        D        E       F      G
               +--------+--------+--------+--------+--------+-----+--------+
         Total |   3095 |   3008 |     87 |    267 |   2103 |   4 |  773.8 |
       Dungeon |   3095 |   3008 |     87 |    267 |   2103 |   4 |  773.8 |
               +--------+--------+--------+--------+--------+-----+--------+

Top non-repeatable levels by time:
     D:1: 1320 daAuts
     D:3: 1009 daAuts
     D:2: 535 daAuts
     D:4: 229 daAuts
